AoeStats
← Goose2210

Arabia

510410308Analyzed
2v2 RM · 2d ago on Sep 30, 2026· 55m 53s· 4 players
Game mode
Random Map
Map size
Medium (4 player)
Population
200
Speed
Normal
Resources
Standard
Victory
Conquest
Starting age
Dark Age
Ending age
Imperial Age
RankedLock teamsTeams togetherTeam positionsShared explorationLock speedFull tech treeHidden civsTurbo modeCheats
Victory
Defeat
🇨🇴 Burgundians · Colombia
1210
+16
🇨🇴 Goths · Colombia
1209
+16
🇨🇱 Muisca · Chile
1213
-16
🇨🇱 Magyars · Chile
1203
-16
Bazinga
8:25 Loom
10:46 Feudal Age
11:38 Double-Bit Axe
11:35 Horse Collar
24:16 Castle Age
22:17 Fletching
22:58 Padded Archer Armor
25:34 Bloodlines
25:22 Bodkin Arrow
25:35 Thumb Ring
25:35 Crossbowman
32:07 Gold Mining
42:42 Imperial Age
41:02 Husbandry
41:42 Scale Barding Armor
44:10 Wheelbarrow
43:38 Bracer
44:03 Ballistics
44:15 Parthian Tactics
44:08 Town Watch
47:24 Chemistry
49:25 Conscription
49:05 Man-at-Arms
49:41 Long Swordsman
50:17 Two-Handed Swordsman
52:55 Cavalier
54:34 Recurve Bow
voodoomsr
7:11 Loom
9:19 Feudal Age
10:23 Champi Runner
12:51 Double-Bit Axe
12:58 Gold Mining
15:44 Fletching
16:42 Padded Archer Armor
19:24 Scale Mail Armor
27:20 Castle Age
27:21 Champi Warrior
28:17 Chain Mail Armor
28:22 Leather Archer Armor
30:44 Squires
32:11 Pikeman
33:47 Crossbowman
35:15 Bodkin Arrow
36:41 Redemption
37:26 Fervor
38:14 Sanctity
40:53 Devotion
41:12 Horse Collar
42:53 Thumb Ring
46:24 Imperial Age
45:41 Ballistics
47:28 Conscription
46:33 Elite Temple Guard
47:38 Block Printing
47:49 Illumination
48:15 Herbalism
49:36 Elite Skirmisher
51:06 Theocracy
50:03 Elite Champi Warrior
51:32 Bracer
andrewyroj
0:56 Loom
12:16 Feudal Age
12:21 Man-at-Arms
16:08 Wheelbarrow
16:56 Scale Mail Armor
17:06 Forging
18:13 Double-Bit Axe
19:06 Forging
19:56 Horse Collar
23:46 Castle Age
24:46 Chain Mail Armor
25:07 Iron Casting
24:47 Fletching
24:47 Town Watch
25:26 Bow Saw
25:07 Long Swordsman
25:47 Squires
27:28 Stone Mining
27:42 Bodkin Arrow
29:22 Hand Cart
33:02 Town Patrol
37:45 Pikeman
44:18 Imperial Age
47:21 Blast Furnace
45:44 Halberdier
46:06 Two-Handed Swordsman
50:55 Heavy Scorpion
51:39 Champion
53:33 Heavy Plow
54:33 Perfusion
55:55 Anarchy
Goose2210
4:39 Double-Bit Axe
7:50 Loom
10:17 Feudal Age
11:25 Bow Saw
15:54 Horse Collar
17:10 Fletching
17:09 Town Watch
18:19 Padded Archer Armor
18:27 Heavy Plow
21:49 Wheelbarrow
23:52 Castle Age
22:34 Gold Mining
24:23 Scale Barding Armor
25:46 Chain Barding Armor
24:48 Crossbowman
24:50 Elite Skirmisher
25:27 Bodkin Arrow
26:52 Chain Barding Armor
30:20 Cavalier
32:36 Two-Man Saw
32:46 Forging
33:18 Leather Archer Armor
34:09 Husbandry
43:03 Imperial Age
41:53 Iron Casting
41:22 Devotion
42:11 Gold Shaft Mining
41:30 Stone Mining
42:37 Hand Cart
42:42 Burgundian Vineyards
45:32 Chemistry
45:14 Plate Barding Armor
45:56 Bracer
47:51 Blast Furnace
47:22 Conscription
48:18 Paladin
49:57 Light Cavalry
50:47 Hussar
Connection lost

Rejoining the realm…

Still unreachable

The connection could not be restored.

Session expired

The server has moved on; the page needs a fresh start.